PIO (24 & UNDER)
SASKATOON SMOKIN' GUNS @ JASPER COUGARS
09/27/2028
 
TOP OF THE 1ST
Saskatoon Smokin' Guns batting - Pitching for Jasper Cougars : RHP Juan Arreola
Pitching: RHP Juan Arreola
Batting: RHB Pedro Cabrera 0-0: Called Strike
0-1: Foul Ball, location: 2F
0-2: Strikes out looking
Batting: RHB Julián García 0-0: Ball
1-0: Ball
2-0: Ball
3-0: Base on Balls
Batting: LHB Bo Rush 0-0: Called Strike
Julián García is caught stealing 2nd base
0-1: Ball
1-1: Ball
2-1: Ball
3-1: Called Strike
3-2: Base on Balls
Batting: RHB Rafael Gonzáles 0-0: Foul Ball, location: 2F
0-1: SINGLE (Line Drive, 6MD)
Bo Rush to second
Batting: LHB José Domínguez 0-0: Ball
1-0: Ball
2-0: Called Strike
2-1: Ball
3-1: Fielders Choice at 2nd, 4-6 (Groundball, 4D)
Top of the 1st over - 0 run(s), 1 hit(s), 0 error(s), 1 left on base; Saskatoon 0 - Jasper 0
BOTTOM OF THE 1ST
Jasper Cougars batting - Pitching for Saskatoon Smokin' Guns : RHP José Fernández
Pitching: RHP José Fernández
Batting: LHB Darren Holland 0-0: Ball
1-0: Ball
2-0: Ball
3-0: Base on Balls
Batting: RHB Charles Lewis 0-0: SINGLE (Line Drive, 6MD)
Darren Holland to second
Batting: LHB Jon Rogers 0-0: Ball
1-0: Ball
2-0: Ball
3-0: Called Strike
3-1: Foul Ball, location: 2F
3-2: Base on Balls
Darren Holland to third
Charles Lewis to second
Batting: RHB Alberto Castillo 0-0: Hit by Pitch
Darren Holland scores
Charles Lewis to third
Jon Rogers to second
Batting: RHB Juan Carlos 0-0: Foul Ball, location: 2F
0-1: Ball
1-1: Grounds into double play, 4-6-3 (Groundball, 4)
Charles Lewis scores
Jon Rogers to third
Batting: RHB José Maldonado 0-0: Foul Ball, location: 2F
0-1: Swinging Strike
0-2: Ball
1-2: Foul Ball, location: 2F
1-2: Ball
2-2: Foul Ball, location: 2F
2-2: Strikes out swinging
Bottom of the 1st over - 2 run(s), 1 hit(s), 0 error(s), 1 left on base; Saskatoon 0 - Jasper 2
TOP OF THE 2ND
Saskatoon Smokin' Guns batting - Pitching for Jasper Cougars : RHP Juan Arreola
Batting: RHB Joaquín Luna 0-0: Ball
1-0: Called Strike
1-1: Ball
2-1: Called Strike
2-2: Ball
3-2: Foul Ball, location: 2F
3-2: Base on Balls
Batting: RHB Johnny Hawson 0-0: Ball
1-0: Ball
2-0: Swinging Strike
2-1: Foul Ball, location: 2F
2-2: Foul Ball, location: 2F
2-2: SINGLE (Line Drive, 56)
Joaquín Luna to second
Batting: RHB Justin Geoghegan 0-0: Ball
1-0: Ball
2-0: Called Strike
2-1: Called Strike
2-2: Foul Ball, location: 2F
2-2: Ball
3-2: Hit by Pitch
Joaquín Luna to third
Johnny Hawson to second
Batting: RHB Artie Turner 0-0: Foul Ball, location: 2F
0-1: Ball
1-1: Swinging Strike
1-2: Strikes out looking
Batting: RHB Pedro Cabrera 0-0: Foul Ball, location: 2F
0-1: Ball
1-1: Grounds into double play, 5-4-3 (Groundball, 56)
Top of the 2nd over - 0 run(s), 1 hit(s), 0 error(s), 2 left on base; Saskatoon 0 - Jasper 2
BOTTOM OF THE 2ND
Jasper Cougars batting - Pitching for Saskatoon Smokin' Guns : RHP José Fernández
Batting: RHB Ben Wilson 0-0: Called Strike
0-1: Foul Ball, location: 2F
0-2: Ball
1-2: Strikes out swinging
Batting: RHB Jorge Romero 0-0: Called Strike
0-1: Foul Ball, location: 2F
0-2: Ball
1-2: Strikes out swinging
Batting: RHB Scott McGuire 0-0: Foul Ball, location: 2F
0-1: Foul Ball, location: 2F
0-2: Ball
1-2: Strikes out swinging
Bottom of the 2nd over - 0 run(s), 0 hit(s), 0 error(s), 0 left on base; Saskatoon 0 - Jasper 2
TOP OF THE 3RD
Saskatoon Smokin' Guns batting - Pitching for Jasper Cougars : RHP Juan Arreola
Batting: RHB Julián García 0-0: Ball
1-0: Called Strike
1-1: Ball
2-1: Called Strike
2-2: Ball
3-2: Base on Balls
Batting: LHB Bo Rush 0-0: Ball
Throwing error on steal attempt, E2
Julián García to third
1-0: Ball
2-0: Fly out, F3 (Line Drive, 34)
Batting: RHB Rafael Gonzáles 0-0: Ball
1-0: Ball
2-0: Called Strike
2-1: Swinging Strike
2-2: Strikes out swinging
Batting: LHB José Domínguez 0-0: Ball
1-0: Ball
2-0: Fly out, F8 (Flyball, 8RD)
Top of the 3rd over - 0 run(s), 0 hit(s), 1 error(s), 1 left on base; Saskatoon 0 - Jasper 2
BOTTOM OF THE 3RD
Jasper Cougars batting - Pitching for Saskatoon Smokin' Guns : RHP José Fernández
Batting: LHB Darren Holland 0-0: Swinging Strike
0-1: Foul Ball, location: 2F
0-2: Strikes out swinging
Batting: RHB Charles Lewis 0-0: Called Strike
0-1: Ball
1-1: Ball
2-1: Fly out, F6 (Popup, 6D)
Batting: LHB Jon Rogers 0-0: Called Strike
0-1: Ball
1-1: Ball
2-1: Called Strike
2-2: Ball
3-2: Strikes out swinging
Bottom of the 3rd over - 0 run(s), 0 hit(s), 0 error(s), 0 left on base; Saskatoon 0 - Jasper 2
TOP OF THE 4TH
Saskatoon Smokin' Guns batting - Pitching for Jasper Cougars : RHP Juan Arreola
Batting: RHB Joaquín Luna 0-0: Ball
1-0: Ball
2-0: Called Strike
2-1: Ball
3-1: Base on Balls
Batting: RHB Johnny Hawson 0-0: Called Strike
0-1: Called Strike
0-2: Ball
1-2: Ball
2-2: Foul Ball, location: 2F
2-2: Ball
3-2: 2-RUN HOME RUN (Line Drive, 7D), Distance : 356 ft
Batting: RHB Justin Geoghegan 0-0: Ball
1-0: Ball
2-0: SINGLE (Groundball, 56D)
Batting: RHB Artie Turner 0-0: Foul Ball, location: 2F
0-1: Grounds into double play, 6-4-3 (Groundball, 6)
Batting: RHB Pedro Cabrera 0-0: Fly out, F9 (Flyball, 9)
Top of the 4th over - 2 run(s), 2 hit(s), 0 error(s), 0 left on base; Saskatoon 2 - Jasper 2
BOTTOM OF THE 4TH
Jasper Cougars batting - Pitching for Saskatoon Smokin' Guns : RHP José Fernández
Batting: RHB Alberto Castillo 0-0: Ball
1-0: Swinging Strike
1-1: Ball
2-1: Called Strike
2-2: Strikes out swinging
Batting: RHB Juan Carlos 0-0: Called Strike
0-1: Foul Ball, location: 2F
0-2: Ball
1-2: Ground out 6-3 (Groundball, 6)
Batting: RHB José Maldonado 0-0: Ball
1-0: Swinging Strike
1-1: Ball
2-1: Ball
3-1: Foul Ball, location: 2F
3-2: Base on Balls
Batting: RHB Ben Wilson 0-0: Called Strike
0-1: Ball
1-1: Ball
2-1: Called Strike
2-2: Ball
3-2: Strikes out swinging
Bottom of the 4th over - 0 run(s), 0 hit(s), 0 error(s), 1 left on base; Saskatoon 2 - Jasper 2
TOP OF THE 5TH
Saskatoon Smokin' Guns batting - Pitching for Jasper Cougars : RHP Juan Arreola
Batting: RHB Julián García 0-0: Called Strike
0-1: Called Strike
0-2: Foul Ball, location: 2F
0-2: Ball
1-2: Ground out 5-3 (Groundball, 5L)
Pitching: LHP Robert Williams
Batting: LHB Bo Rush 0-0: Ground out 6-3 (Groundball, 6M)
Batting: RHB Rafael Gonzáles 0-0: Ball
1-0: Swinging Strike
1-1: Ball
2-1: Ball
3-1: Fly out, F8 (Line Drive, 89M)
Top of the 5th over - 0 run(s), 0 hit(s), 0 error(s), 0 left on base; Saskatoon 2 - Jasper 2
BOTTOM OF THE 5TH
Jasper Cougars batting - Pitching for Saskatoon Smokin' Guns : RHP José Fernández
Batting: RHB Jorge Romero 0-0: Ground out 4-3 (Groundball, 4)
Batting: RHB Scott McGuire 0-0: DOUBLE (Line Drive, 9LM)
Batting: LHB Darren Holland 0-0: Ball
1-0: SINGLE (Groundball, 4) (infield hit)
Scott McGuire to third
Batting: RHB Charles Lewis 0-0: Called Strike
0-1: Swinging Strike
0-2: Ball
1-2: Ball
2-2: Ball
3-2: Foul Ball, location: 2F
3-2: Base on Balls
Darren Holland to second
Batting: LHB Jon Rogers 0-0: Ball
1-0: Foul Ball, location: 2F
1-1: Ball
2-1: Ball
3-1: Base on Balls
Scott McGuire scores
Darren Holland to third
Charles Lewis to second
Batting: RHB Alberto Castillo 0-0: Called Strike
0-1: Swinging Strike
0-2: Ball
1-2: Fly out, F7 (Flyball, 7)
Runner from 3rd tags up, SCORES, no throw
Pitching: LHP Niculáo Sapato
Batting: RHB Juan Carlos 0-0: Called Strike
0-1: DOUBLE (Flyball, 89D)
Charles Lewis scores
Jon Rogers to third
Batting: RHB José Maldonado 0-0: Ball
1-0: Ball
2-0: Ball
3-0: Base on Balls
Batting: RHB Ben Wilson 0-0: Ball
1-0: Called Strike
1-1: Ball
2-1: Ball
3-1: Base on Balls
Jon Rogers scores
Juan Carlos to third
José Maldonado to second
Batting: RHB Jorge Romero 0-0: SINGLE (Line Drive, 89M)
Juan Carlos scores
José Maldonado to third
Ben Wilson to second
Runner from 3rd tries for Home, throw and OUT!
Bottom of the 5th over - 5 run(s), 4 hit(s), 0 error(s), 2 left on base; Saskatoon 2 - Jasper 7
TOP OF THE 6TH
Saskatoon Smokin' Guns batting - Pitching for Jasper Cougars : LHP Robert Williams
Batting: LHB José Domínguez 0-0: Fly out, F8 (Line Drive, 8LM)
Batting: RHB Joaquín Luna 0-0: Called Strike
0-1: Foul Ball, location: 2F
0-2: Strikes out looking
Batting: RHB Johnny Hawson 0-0: Foul Ball, location: 2F
0-1: SINGLE (Flyball, 78S)
Batting: RHB Justin Geoghegan 0-0: Called Strike
0-1: SINGLE (Groundball, 56D)
Johnny Hawson to second
Batting: RHB Artie Turner 0-0: Called Strike
0-1: Ball
1-1: Ball
2-1: Foul Ball, location: 2F
2-2: DOUBLE (Line Drive, 7LS)
Johnny Hawson scores
Justin Geoghegan to third
Runner from 3rd tries for Home, SAFE, no throw
Pitching: RHP A.J. Wellman
Batting: RHB Pedro Cabrera 0-0: Called Strike
0-1: Foul Ball, location: 2F
0-2: Hit by Pitch
Batting: RHB Julián García 0-0: Foul Ball, location: 2F
0-1: Ball
1-1: Swinging Strike
1-2: Foul Ball, location: 2F
1-2: Ball
2-2: SINGLE (Groundball, 25) (infield hit)
Artie Turner to third
Pedro Cabrera to second
Batting: LHB Bo Rush 0-0: Called Strike
0-1: Foul Ball, location: 2F
Balk!
Artie Turner scores
Pedro Cabrera to third
Julián García to second
0-2: Ball
1-2: Ball
2-2: Foul Ball, location: 2F
2-2: Strikes out swinging
Top of the 6th over - 3 run(s), 4 hit(s), 0 error(s), 2 left on base; Saskatoon 5 - Jasper 7
BOTTOM OF THE 6TH
Jasper Cougars batting - Pitching for Saskatoon Smokin' Guns : LHP Niculáo Sapato
Batting: RHB Scott McGuire 0-0: Ball
1-0: Ball
2-0: Called Strike
2-1: Ball
3-1: Called Strike
3-2: Base on Balls
Batting: LHB Darren Holland 0-0: Fielders Choice at 2nd, 4-6 (Groundball, 34)
Batting: RHB Charles Lewis 0-0: Ball
1-0: Foul Ball, location: 2F
1-1: Fly out, F8 (Flyball, 8LM)
Batting: LHB Jon Rogers 0-0: Called Strike
0-1: Ball
1-1: Fielders Choice at 2nd, 4-6 (Groundball, 4)
Bottom of the 6th over - 0 run(s), 0 hit(s), 0 error(s), 0 left on base; Saskatoon 5 - Jasper 7
TOP OF THE 7TH
Saskatoon Smokin' Guns batting - Pitching for Jasper Cougars : RHP A.J. Wellman
Batting: RHB Rafael Gonzáles 0-0: Fly out, F8 (Line Drive, 8RM)
Batting: LHB José Domínguez 0-0: Ground out 4-3 (Groundball, 4)
Batting: RHB Joaquín Luna 0-0: Foul Ball, location: 2F
0-1: Ball
1-1: Ball
2-1: Swinging Strike
2-2: Ball
3-2: Ground out 4-3 (Groundball, 4M)
Top of the 7th over - 0 run(s), 0 hit(s), 0 error(s), 0 left on base; Saskatoon 5 - Jasper 7
BOTTOM OF THE 7TH
Jasper Cougars batting - Pitching for Saskatoon Smokin' Guns : LHP Niculáo Sapato
Batting: RHB Alberto Castillo 0-0: Ball
1-0: Ground out 1-3 (Groundball, 15S)
Batting: RHB Juan Carlos 0-0: Called Strike
0-1: Foul Ball, location: 2F
0-2: Ball
1-2: SINGLE (Groundball, 4MD)
Batting: RHB José Maldonado 0-0: Ball
1-0: Ball
2-0: Called Strike
2-1: Foul Ball, location: 2F
2-2: Ball
Wild Pitch!
Juan Carlos to second
3-2: Strikes out swinging
Batting: RHB Ben Wilson 0-0: Called Strike
0-1: Ball
1-1: Foul Ball, location: 2F
1-2: Strikes out swinging
Bottom of the 7th over - 0 run(s), 1 hit(s), 0 error(s), 1 left on base; Saskatoon 5 - Jasper 7
TOP OF THE 8TH
Saskatoon Smokin' Guns batting - Pitching for Jasper Cougars : RHP A.J. Wellman
Batting: RHB Johnny Hawson 0-0: Fly out, F7 (Flyball, 7)
Batting: RHB Justin Geoghegan 0-0: Foul Ball, location: 2F
0-1: Ball
1-1: Ball
2-1: Foul Ball, location: 2F
2-2: Ground out U3 (Groundball, 2R)
Batting: RHB Artie Turner 0-0: Ground out 5-3 (Groundball, 5)
Top of the 8th over - 0 run(s), 0 hit(s), 0 error(s), 0 left on base; Saskatoon 5 - Jasper 7
BOTTOM OF THE 8TH
Jasper Cougars batting - Pitching for Saskatoon Smokin' Guns : LHP Niculáo Sapato
Batting: RHB Jorge Romero 0-0: Swinging Strike
0-1: Called Strike
0-2: Ball
1-2: Ground out 6-3 (Groundball, 6)
Batting: RHB Scott McGuire 0-0: Ground out 3-1 (Groundball, 34S)
Batting: LHB Darren Holland 0-0: Ball
1-0: Ground out 3-1 (Groundball, 34D)
Bottom of the 8th over - 0 run(s), 0 hit(s), 0 error(s), 0 left on base; Saskatoon 5 - Jasper 7
TOP OF THE 9TH
Saskatoon Smokin' Guns batting - Pitching for Jasper Cougars : RHP A.J. Wellman
Pitching: LHP Teuk-chin Kim
Batting: RHB Pedro Cabrera 0-0: Foul Ball, location: 2F
0-1: Ball
1-1: Swinging Strike
1-2: Foul Ball, location: 2F
1-2: SINGLE (Flyball, 8LS)
Batting: RHB Julián García 0-0: Called Strike
0-1: Ball
1-1: Foul Ball, location: 2F
1-2: Ball
2-2: Grounds into double play, 1-6-3 (Groundball, P)
Batting: LHB Bo Rush 0-0: Foul Ball, location: 2F
0-1: Foul Ball, location: 2F
0-2: Foul Ball, location: 2F
0-2: Ball
1-2: Ball
2-2: Foul Ball, location: 2F
2-2: Strikes out looking
Top of the 9th over - 0 run(s), 1 hit(s), 0 error(s), 0 left on base; Saskatoon 5 - Jasper 7
Tuesday, August 8th, 2017 - OOTP Baseball 17.12 Build 75